 Dungeon Crawl Stone Soup version 0.21.0-25-ge575cb9 (webtiles) character file.

37756 DogShitOnMyToe the Brawler (level 13, 0/121 (122) HPs)
             Began as a Ghoul Warper on Jan 25, 2018.
             Was a High Priest of Okawaru.
             Slain by a merfolk
             ... wielding a +0 trident
              (18 damage)
             ... on level 3 of the Lair of Beasts.
             The game lasted 00:36:14 (14744 turns).

DogShitOnMyToe the Brawler (Ghoul Warper)          Turns: 14744, Time: 00:36:14

HP:   0/121 (122)   AC: 14    Str: 20    XL:     13   Next: 98%
MP:   18/18         EV:  6    Int: 11    God:    Okawaru [*****.]
Gold: 1118          SH:  5    Dex: 11    Spells: 15/15 levels left

rFire    + . .     SeeInvis +     - Unarmed
rCold    + . .     Gourm    .   f - +0 buckler
rNeg     + + +     Faith    .   y - +2 plate armour {rF+}
rPois    ∞         Spirit   .   (no helmet)
rElec    .         Reflect  .   (no cloak)
rCorr    .         Harm     +   I - +0 pair of gloves {Dex+3}
MR       .....                  J - +0 pair of boots
Stlth    ..........             v - amulet of harm
HPRegen  0.00/turn              m - +3 ring of intelligence
MPRegen  0.16/turn              p - ring of see invisible

@: rotting
A: rotting body, claws 1, carnivore, cold resistance 1, negative energy
resistance 3, inhibited regeneration, torment resistance, unbreathing
a: Heroism, Finesse, Renounce Religion


You were on level 3 of the Lair of Beasts.
You worshipped Okawaru.
Okawaru was extremely pleased with you.
You were not hungry.

You visited 3 branches of the dungeon, and saw 15 of its levels.
You also visited: Ice Cave.

You collected 1118 gold pieces.

Inventory:

Missiles
 d - 5 tomahawks of dispersal
 i - 290 stones
 o - 2 throwing nets
 B - 8 tomahawks (quivered)
Armour
 f - a +0 buckler (worn)
 y - a +2 plate armour of fire resistance (worn)
 I - a +0 pair of gloves of dexterity (worn)
 J - a +0 pair of boots (worn)
Jewellery
 m - a +3 ring of intelligence (left hand)
 p - a ring of see invisible (right hand)
 v - an amulet of harm (around neck)
 E - an uncursed ring of fire
Wands
 a - a wand of polymorph (13)
 k - a wand of disintegration (12)
 x - a wand of iceblast (2)
 D - a wand of clouds (1)
 G - a wand of paralysis (2)
Scrolls
 b - 4 scrolls of amnesia
 c - a scroll of blinking
 e - 4 scrolls of teleportation
 l - a scroll of fog
 z - 4 scrolls of remove curse
 H - 3 scrolls of enchant weapon
 K - a scroll of enchant armour
Potions
 g - 2 potions of flight
 h - a potion of berserk rage
 j - a potion of might
 n - 2 potions of agility
 q - 4 potions of brilliance
 s - a potion of magic
 t - a potion of cancellation
 w - 6 potions of curing
 F - a potion of haste
Books
 A - a book of Spatial Translocations

   Spells                             Type                      Level
   a - Blink                          Translocation                2
   b - Shroud of Golubria             Charms/Translocation         2
   c - Lesser Beckoning               Translocation                3
   d - Gell's Gravitas                Translocation                3
   e - Teleport Other                 Translocation                3
   f - Passage of Golubria            Translocation                4
Comestibles
 u - 23 rations


   Skills:
 + Level 13.5 Fighting
 - Level 0.8 Throwing
 - Level 0.8 Armour
 - Level 1.7 Dodging
 - Level 4.9 Shields
 * Level 18.1 Unarmed Combat
 - Level 1.7 Spellcasting
   Level 2.6 Translocations
 - Level 8.4 Invocations


You had 15 spell levels left.
You didn't know any spells.

Dungeon Overview and Level Annotations

Branches:
Dungeon (11/15)            Temple (1/1) D:5            Lair (3/6) D:11
 Shoals (0/4) Lair:3        Snake (0/4) Lair:2          Orc (0/2) D:11

Altars:
Ashenzari
Cheibriados
Dithmenos
Elyvilon
Fedhas
Gozag
Hepliaklqana
Kikubaaqudgha
Makhleb
Nemelex Xobeh
Okawaru
Qazlal
Ru
Sif Muna
Trog
Uskayaw
Vehumet
Wu Jian
Xom
Yredelemnul
Zin
The Shining One

Shops:
D:5 (   D:10 *   D:11 ([

Portals:
Trove: D:11 (give +6 demon trident)

Annotations:
D:9 exclusion: downstairs


Innate Abilities, Weirdness & Mutations

Your body is rotting away.
You thrive on raw meat.
You are immune to poison.
You have sharp fingernails.
You are carnivorous and can eat meat at any time.
Your flesh is cold resistant. (rC+)
You are immune to negative energy. (rN+++)
You do not regenerate when monsters are visible.
You are immune to unholy pain and torment.
You can survive without breathing.


Message History

The merfolk hits you but does no damage.
Your plate armour prevents you from hitting the merfolk.
You pummel the merfolk!! The merfolk hits you with a trident!!
* * * LOW HITPOINT WARNING * * *
You hit the merfolk. You closely miss the merfolk.
The merfolk hits you with a trident!!
* * * LOW HITPOINT WARNING * * *
You are too injured to fight recklessly!
You are too injured to fight recklessly!
You are too injured to fight recklessly!
You are too injured to fight recklessly!
You are too injured to fight recklessly!
You completely miss the merfolk. The merfolk hits you with a trident!
* * * LOW HITPOINT WARNING * * *
You closely miss the merfolk. You miss the merfolk.
The merfolk hits you with a trident.
* * * LOW HITPOINT WARNING * * *
You hit the merfolk. You closely miss the merfolk.
The merfolk hits you with a trident!
You die...

******#** ### *##
******,**.P#.###.#########.#*****
,,,,,,,,,..................,,,,,.
,,,,,,,,,,,,**#.@#....##..#**,,..
****,,,,,,,*#####m#....##.######.
,***,,,,,,,*#..#.#....##......##.
,,**.......**#YY##P...#..........
,,,,.......**#..+......#.......#.
,,,,.......,*#Y..##...##.......#.
,,,*.......*##Ym###....###...##..
,,**.......##..####....###..###..
,**,.......#....#.#..............


You could see a merfolk.

Vanquished Creatures
  A frost giant (IceCv)
  2 death knights (D:11)
  6 death yaks
  A two-headed ogre (D:9)
  8 skeletal warriors
  The ghost of RebellionBird the Carver, a novice DsGl of Xom (D:8)
  Pikel (D:6)
  An orc knight (D:11)
  An elephant (D:11)
  A black mamba (Lair:3)
  An ice statue (IceCv)
  4 spiny frogs
  3 freezing wraiths (D:11)
  4 komodo dragons
  2 ice devils (Lair:3)
  A troll (D:11)
  A queen bee (Lair:2)
  17 polar bears (IceCv)
  4 blink frogs (Lair:2)
  4 hippogriffs
  2 wyverns
  2 basilisks
  2 wraiths (D:11)
  34 yaks
  Menkaure (D:4)
  7 nagas (Lair:2)
  4 water moccasins
  2 porcupines
  3 orc warriors
  4 sky beasts
  2 phantoms
  2 black bears
  2 eyes of draining
  An ice beast (D:8)
  A necrophage (D:8)
  4 ogres
  10 wolves (IceCv)
  4 centaurs
  7 crocodiles
  11 bullfrogs
  A wyvern skeleton (D:9)
  3 scorpions
  24 killer bees
  3 wights (D:11)
  A howler monkey (D:9)
  A vampire bat (D:10)
  5 crimson imps
  5 centaur zombies
  A bullfrog zombie (D:7)
  A jelly (D:9)
  2 quasits
  8 hounds
  2 bullfrog skeletons
  5 orc priests
  4 centaur skeletons
  2 iguanas
  11 worker ants
  8 orc wizards
  A hound zombie (D:9)
  2 hound skeletons
  2 worker ant zombies
  3 gnolls (D:6)
  A howler monkey skeleton (D:6)
  7 adders
  2 shadow imps
  An ooze (D:5)
  An adder skeleton (D:10)
  6 worms
  3 dart slugs
  2 leopard geckos (D:4)
  27 orcs
  6 giant cockroaches
  6 goblins
  5 hobgoblins
  5 jackals
  6 quokkas
  A ball python (D:4)
  20 bats
  3 frilled lizards
  A giant cockroach zombie (D:6)
  A jackal skeleton (D:6)
  10 kobolds
  A quokka skeleton (D:6)
  4 rats
383 creatures vanquished.

Vanquished Creatures (collateral kills)
  A killer bee (Lair:2)
1 creature vanquished.

Vanquished Creatures (others)
  A slave (D:6)
  A howler monkey (D:6)
  An orc priest (D:6)
  A plant (Lair:2)
4 creatures vanquished.

Grand Total: 388 creatures vanquished

Notes
Turn   | Place    | Note
-------+----------+-------------------------------------------
     0 | D:1      | DogShitOnMyToe the Ghoul Warper began the quest for the Orb.
     0 | D:1      | Reached XP level 1. HP: 17/17 MP: 2/2
    97 | D:1      | Reached XP level 2. HP: 19/25 MP: 3/3
   217 | D:1      | Reached skill level 3 in Unarmed Combat
   649 | D:2      | Reached XP level 3. HP: 29/30 MP: 4/4
   964 | D:2      | Reached skill level 3 in Fighting
  1474 | D:2      | Reached skill level 4 in Unarmed Combat
  1474 | D:2      | Reached XP level 4. HP: 30/38 MP: 5/5
  1917 | D:3      | Found an ornate altar of the Wu Jian Council.
  2582 | D:4      | Reached XP level 5. HP: 35/46 MP: 6/6
  2669 | D:4      | Reached skill level 5 in Unarmed Combat
  2867 | D:4      | Reached skill level 4 in Fighting
  2948 | D:4      | Noticed Menkaure
  2957 | D:4      | Killed Menkaure
  2957 | D:4      | Reached skill level 6 in Unarmed Combat
  2957 | D:4      | Reached XP level 6. HP: 53/53 MP: 7/7
  2961 | D:4      | Noticed a phantom
  2996 | D:4      | HP: 26/53 [phantom (3)]
  2997 | D:4      | Killed a phantom
  3684 | D:4      | Reached skill level 5 in Fighting
  3684 | D:4      | Reached XP level 7. HP: 61/61 MP: 8/8
  3697 | D:5      | Entered Level 5 of the Dungeon
  3701 | D:5      | Reached skill level 7 in Unarmed Combat
  4323 | D:5      | Found a staircase to the Ecumenical Temple.
  4376 | Temple   | Entered the Ecumenical Temple
  4527 | Temple   | Became a worshipper of Warmaster Okawaru
  4682 | D:5      | Found Enus's Weapon Emporium.
  5005 | D:6      | Reached skill level 1 in Invocations
  5023 | D:6      | Reached skill level 8 in Unarmed Combat
  5023 | D:6      | Reached XP level 8. HP: 42/70 MP: 9/9
  5032 | D:6      | Noticed Pikel
  5196 | D:6      | Reached skill level 2 in Invocations
  5287 | D:6      | Reached skill level 6 in Fighting
  5452 | D:6      | Killed Pikel
  5452 | D:6      | Reached * piety under Okawaru
  5452 | D:6      | Reached skill level 7 in Fighting
  5452 | D:6      | Reached skill level 9 in Unarmed Combat
  5625 | D:6      | Found a shimmering altar of Xom.
  5775 | D:7      | Reached XP level 9. HP: 70/79 MP: 10/10
  5839 | D:7      | Reached skill level 10 in Unarmed Combat
  5861 | D:7      | Reached skill level 3 in Invocations
  5937 | D:7      | Found a basalt altar of Yredelemnul.
  5937 | D:7      | Found a shattered altar of Ashenzari.
  5965 | D:7      | Found a hazy altar of Hepliaklqana.
  6037 | D:7      | Found a deep blue altar of Sif Muna.
  6040 | D:7      | Found a hide-covered altar of Uskayaw.
  6106 | D:7      | Found a blossoming altar of Fedhas.
  6620 | D:8      | Noticed RebellionBird's ghost (novice DsGl)
  6620 | D:8      | RebellionBird's ghost turns its malevolent gaze towards you.
  6646 | D:8      | Killed RebellionBird's ghost
  6646 | D:8      | Reached ** piety under Okawaru
  6646 | D:8      | Reached skill level 8 in Fighting
  6646 | D:8      | Reached skill level 11 in Unarmed Combat
  6836 | D:8      | Reached *** piety under Okawaru
  6998 | D:8      | Reached XP level 10. HP: 76/90 MP: 11/11
  7084 | D:8      | Found a snail-covered altar of Cheibriados.
  7488 | D:9      | Reached skill level 12 in Unarmed Combat
  7658 | D:9      | Reached skill level 9 in Fighting
  8142 | D:9      | Found a sacrificial altar of Ru.
  8373 | D:9      | Noticed a two-headed ogre
  8382 | D:9      | Killed a two-headed ogre
  8382 | D:9      | Reached **** piety under Okawaru
  8646 | D:9      | Reached skill level 1 in Shields
  8719 | D:10     | Entered Level 10 of the Dungeon
  8757 | D:10     | Reached skill level 2 in Shields
  8791 | D:10     | Noticed a skeletal warrior
  8791 | D:10     | Noticed a skeletal warrior
  8791 | D:10     | Noticed a skeletal warrior
  8791 | D:10     | Noticed a skeletal warrior
  8791 | D:10     | Noticed a skeletal warrior
  8820 | D:10     | Killed a skeletal warrior
  8820 | D:10     | Reached skill level 3 in Shields
  8822 | D:10     | Killed a skeletal warrior
  8822 | D:10     | Reached skill level 4 in Shields
  8831 | D:10     | Killed a skeletal warrior
  8831 | D:10     | Reached ***** piety under Okawaru
  8831 | D:10     | Reached skill level 13 in Unarmed Combat
  8833 | D:10     | HP: 32/92 [skeletal warrior/battleaxe[a skeletal warrior] (27)]
  8843 | D:9      | HP: 29/92 [skeletal warrior/battleaxe[a skeletal warrior] (22)]
  8847 | D:9      | HP: 11/92 [skeletal warrior/battleaxe[a skeletal warrior] (18)]
  8848 | D:9      | HP: 2/92 [skeletal warrior/battleaxe[a skeletal warrior] (9)]
  8851 | D:9      | Killed a skeletal warrior
  8851 | D:9      | Received a gift from Okawaru
  8851 | D:9      | Reached XP level 11. HP: 22/99 MP: 12/12
  9241 | D:10     | Reached skill level 10 in Fighting
  9422 | D:10     | Found Pucroy Piuza's General Store.
  9449 | D:10     | Killed a skeletal warrior
  9765 | D:10     | Reached skill level 14 in Unarmed Combat
  9803 | D:11     | Identified a paperback manual
  9827 | D:11     | Received a gift from Okawaru
  9913 | D:11     | HP: 50/101 [troll (6)]
  9918 | D:11     | HP: 34/101 [elephant (1)]
  9923 | D:11     | HP: 17/101 [elephant (12)]
  9924 | D:11     | Reached skill level 4 in Invocations
  9944 | D:11     | Found a staircase to the Lair.
 10006 | D:11     | Noticed a death knight
 10007 | D:11     | Noticed a skeletal warrior
 10012 | D:11     | Noticed a death knight
 10016 | D:11     | HP: 49/101 [mirror damage (14)]
 10018 | D:11     | Killed a death knight
 10018 | D:11     | Reached skill level 5 in Invocations
 10021 | D:11     | HP: 26/101 [freezing wraith[a death knight] (8)]
 10024 | D:11     | Noticed a skeletal warrior
 10028 | D:11     | Reached skill level 6 in Invocations
 10033 | D:11     | Noticed a skeletal warrior
 10042 | D:11     | HP: 39/101 [death knight/broad axe (16)]
 10047 | D:11     | Killed a death knight
 10047 | D:11     | Reached skill level 7 in Invocations
 10050 | D:11     | HP: 35/101 [freezing wraith[a death knight] (4)]
 10057 | D:11     | Killed a skeletal warrior
 10057 | D:11     | Received a gift from Okawaru
 10057 | D:11     | Reached skill level 8 in Invocations
 10057 | D:11     | Reached XP level 12. HP: 41/108 MP: 9/17
 10071 | D:11     | HP: 43/108 [skeletal warrior/mace[a death knight] (13)]
 10085 | D:11     | HP: 25/108 [skeletal warrior/hand axe[a death knight] (6)]
 10097 | D:11     | HP: 19/108 [centaur (1)]
 10103 | D:11     | HP: 17/108 [centaur (1)]
 10196 | D:11     | Found Vaorusch's Armour Shoppe.
 10198 | D:11     | Found a staircase to the Orcish Mines.
 10209 | D:11     | Reached skill level 11 in Fighting
 10342 | D:11     | Found Zaoqeq's Weapon Shoppe.
 10349 | D:11     | Found a shadowy altar of Dithmenos.
 10435 | D:11     | HP: 55/110 [orc warrior/battleaxe (22)]
 10440 | D:11     | HP: 53/110 [orc/dagger (2)]
 10665 | D:11     | Found a portal to a secret trove of treasure.
 10763 | D:11     | Reached skill level 15 in Unarmed Combat
 11143 | Lair:1   | Entered Level 1 of the Lair of Beasts
 12106 | Lair:2   | HP: 55/110 [killer bee (3)]
 12110 | Lair:2   | HP: 15/110 [killer bee (14)]
 12115 | Lair:2   | HP: 33/111 [killer bee (4)]
 12462 | Lair:2   | HP: 54/109 [blink frog (2)]
 12554 | Lair:2   | Reached skill level 16 in Unarmed Combat
 12556 | Lair:2   | Reached skill level 12 in Fighting
 12589 | Lair:2   | Received a gift from Okawaru
 12814 | Lair:2   | Reached XP level 13. HP: 92/118 MP: 18/18
 12831 | Lair:2   | HP: 59/118 [killer bee (10)]
 12843 | Lair:2   | HP: 51/118 [killer bee (8)]
 12945 | Lair:2   | Found a staircase to the Snake Pit.
 13017 | Lair:2   | HP: 47/118 [naga/glaive (14)]
 13148 | Lair:2   | Identified a book of Air
 13337 | Lair:3   | Received a gift from Okawaru
 13350 | Lair:3   | Reached skill level 17 in Unarmed Combat
 13395 | Lair:3   | Found a frozen archway.
 13438 | IceCv    | Entered an ice cave
 13504 | IceCv    | HP: 59/119 [polar bear (13)]
 13509 | IceCv    | HP: 38/119 [polar bear (4)]
 13697 | IceCv    | Reached skill level 13 in Fighting
 13924 | IceCv    | Received a gift from Okawaru
 14067 | IceCv    | Noticed a frost giant
 14098 | IceCv    | Killed a frost giant
 14110 | IceCv    | Reached skill level 18 in Unarmed Combat
 14156 | IceCv    | Got a transparent lapis lazuli ring
 14183 | IceCv    | HP: 60/122 [something (6)]
 14397 | Lair:3   | Identified the ring of Bophair {*Corrode rPois rN+++ AC+4 Int+3} (You found it in an ice cave)
 14402 | Lair:3   | HP: 50/122 [scroll of holy word (72)]
 14739 | Lair:3   | HP: 44/121 [merfolk/trident (21)]
 14742 | Lair:3   | HP: 18/121 [merfolk/trident (7)]
 14744 | Lair:3   | Slain by a merfolk

Skill      XL: |  1  2  3  4  5  6  7  8  9 10 11 12 13 |
---------------+----------------------------------------+-----
Unarmed Combat | 3 4 6 8 9 11 13 14 16 18 | 18.1
Fighting       | 3 4 5 7 8 9 10 12 13 | 13.5
Invocations    | 1 2 3 8 |  8.4
Shields        | 4 |  4.9
Throwing       | |  0.8
Armour         | |  0.8
Dodging        | |  1.7
Spellcasting   | |  1.7
Translocations | |  2.6

Action                   |  1- 3 |  4- 6 |  7- 9 | 10-12 | 13-15 || total
-------------------------+-------+-------+-------+-------+-------++-------
Melee: Unarmed           |   149 |   129 |   280 |   603 |   267 ||  1428
       Punch             |     1 |     2 |    11 |     1 |       ||    15
Throw: Stone             |     9 |    20 |       |       |       ||    29
       Tomahawk          |       |       |     4 |     2 |       ||     6
Invok: Heroism           |       |       |     2 |     6 |     4 ||    12
       Finesse           |       |       |       |     2 |     2 ||     4
Evoke: Wand              |       |     1 |     1 |     7 |       ||     9
  Use: Scroll            |       |     5 |       |    16 |     6 ||    27
       Potion            |       |       |       |     7 |     1 ||     8
 Stab: Paralysed         |       |       |       |     3 |       ||     3
       Confused          |       |       |       |     3 |       ||     3
  Eat: Chunk             |     8 |     7 |    12 |    63 |    38 ||   128
Armor: Leather armour    |    36 |       |       |       |       ||    36
       Chain mail        |    20 |    43 |   128 |    15 |       ||   206
       Plate armour      |       |       |       |   241 |    88 ||   329
Dodge: Dodged            |    93 |    34 |    78 |   132 |    41 ||   378
Block: Buckler           |       |       |       |    97 |    38 ||   135
